 Dungeon Sprint DCSS version 0.27-a0-93-g19769c27d7 (webtiles) character file.

Game seed: 781078386315725929

27 rocky1 the Digger (level 3, -3/21 HPs)
             Began as an Octopode Earth Elementalist on Jan 16, 2021.
             Was a Believer of Sif Muna.
             Slain by Edmund
             ... wielding a +1 flail of venom
              (5 damage)
             ... in the Dungeon (Sprint VII: "The Pits").
             The game lasted 00:02:37 (583 turns).

rocky1 the Digger (Octopode Earth Elementalist)      Turns: 583, Time: 00:02:37

Health: -3/21      AC:  1    Str:  7    XL:     3   Next: 10%
Magic:  5/6        EV: 13    Int: 18    God:    Sif Muna [**....]
Gold:   0          SH:  0    Dex: 12    Spells: 5/6 levels left

rFire    . . .     SeeInvis .   (no weapon)
rCold    . . .     Faith    .   (no shield)
rNeg     . . .     Spirit   .   (helmet restricted)
rPois    .         Reflect  .   (no amulet)
rElec    .         Harm     .   (no ring)
rCorr    .         Rampage  .   (no ring)
Will     .....     NoTele   +   (no ring)
Stlth    +++.......             (no ring)
HPRegen  0.07/turn              (no ring)
MPRegen  0.10/turn              (no ring)
                                (no ring)
                                (no ring)

@: lethally poisoned (-3 -> -13), very slightly contaminated
A: almost no armour, stealthy swim, amphibious, 8 rings, constrict 8, camouflage
1, gelatinous body 1
a: Renounce Religion, Channel Magic


You were in the Dungeon.
You worshipped Sif Muna.
Sif Muna was pleased with you.
You visited 1 branch

Inventory:

Missiles
 b - 21 stones
Scrolls
 h - a scroll of blinking
 i - 3 scrolls of remove curse
 j - 5 scrolls of amnesia
 k - a scroll of summoning
Potions
 a - 2 potions of invisibility
 e - a potion of haste
 f - 2 potions of magic
 g - 3 potions of berserk rage


   Skills:
 - Level 2.0 Dodging
 - Level 2.6 Stealth
 - Level 2.0 Spellcasting
 - Level 1.0 Transmutations
 + Level 6.6 Earth Magic


You had 5 spell levels left.
You knew the following spells:

 Your Spells              Type           Power        Failure   Level
a - Sandblast             Erth           50%          1%          1

Your spell library contained the following spells:

 Spells                   Type           Power        Failure   Level
 Passwall                 Tmut/Erth      12%          5%          2
 Stone Arrow              Conj/Erth      26%          14%         3
 Lee's Rapid Deconstruct  Erth           12%          32%         5
 Petrify                  Tmut/Erth      15%          36%         4


Dungeon Overview and Level Annotations

Branches:
Dungeon (1/1)

Altars:
Ashenzari
Cheibriados
Dithmenos
Elyvilon
Fedhas
Gozag
Hepliaklqana
Kikubaaqudgha
Makhleb
Nemelex Xobeh
Okawaru
Qazlal
Ru
Sif Muna
Trog
Uskayaw
Vehumet
Wu Jian
Xom
Yredelemnul
Zin
The Shining One
Beogh
Jiyva
Lugonu

Annotations:
D Edmund


Innate Abilities, Weirdness & Mutations

You cannot wear most types of armour.
You are very stealthy in the water. (Stealth+)
You are amphibious.
You can wear up to eight rings at the same time.
You can use your tentacles to constrict eight enemies at once.
Your skin changes colour to match your surroundings (Stealth+).
Your rubbery body absorbs attacks. (AC +1, EV +1)


Message History

You feel sick. Edmund closely misses you.
Casting: Sandblast (safe; 1% risk of failure)
Confirm with . or Enter, or press ? or * to list all spells.
You don't have enough magic to cast that spell.
You don't have enough magic to cast that spell.
Magic courses through your body.
* * * LOW HITPOINT WARNING * * *
You feel sick.
Unknown command.
Casting: Sandblast (safe; 1% risk of failure)
Confirm with . or Enter, or press ? or * to list all spells.
Aiming: Sandblast (safe; 1% risk of failure)
Press: ? - help, Shift-Dir - straight line, f/p - Edmund
Aim: Edmund, wielding a +1 flail of venom and wearing a +3 leather armour of poison resistance (almost dead, 19% to evade)
The blast of sand hits Edmund.
Edmund is almost dead.
* * * LOW HITPOINT WARNING * * *
You feel sick.
Edmund hits you with a +1 flail of venom.
You die...

########### _________.#
_________.#
_______...###########++
##########'##...........
#.?..')))'.##......#..#.
##########.##...........
#........@@.'...........
#+#####'#####......#..#.
#. #...'.##...........
#..#...#@#####'#####++
#..#####.##.......#
#..'@..#@##.......#
#..'...).##.......#
#..########...<...# #.
#.......#


You could see Edmund.

Vanquished Creatures
  A gnoll (D)
  An adder (D)
  A leopard gecko (D)
  A hobgoblin (D)
  2 jackals (D)
  A bat (D)
  2 frilled lizards (D)
9 creatures vanquished.

Notes
Turn   | Place    | Note
-------+----------+-------------------------------------------
     0 | D        | rocky1 the Octopode Earth Elementalist began the quest for
                  | the Orb.
     0 | D        | Reached XP level 1. HP: 11/11 MP: 3/3
    16 | D        | Reached skill level 5 in Earth Magic
    16 | D        | Reached XP level 2. HP: 8/17 MP: 0/5
   275 | D        | Found a bloodstained altar of Trog.
   275 | D        | Found a shimmering blue altar of Sif Muna.
   275 | D        | Found a viscous altar of Jiyva.
   275 | D        | Found a hazy altar of Hepliaklqana.
   275 | D        | Found an opulent altar of Gozag.
   276 | D        | Found a glowing golden altar of the Shining One.
   276 | D        | Found a glowing silver altar of Zin.
   276 | D        | Found a basalt altar of Yredelemnul.
   276 | D        | Found a shimmering altar of Xom.
   276 | D        | Found an ornate altar of the Wu Jian Council.
   276 | D        | Found a sacrificial altar of Ru.
   276 | D        | Found a stormy altar of Qazlal.
   276 | D        | Found an iron altar of Okawaru.
   276 | D        | Found a sparkling altar of Nemelex Xobeh.
   276 | D        | Found a burning altar of Makhleb.
   276 | D        | Found a blossoming altar of Fedhas.
   276 | D        | Found a white marble altar of Elyvilon.
   276 | D        | Found a shadowy altar of Dithmenos.
   276 | D        | Found a snail-covered altar of Cheibriados.
   279 | D        | Found a corrupted altar of Lugonu.
   279 | D        | Found a radiant altar of Vehumet.
   279 | D        | Found a roughly hewn altar of Beogh.
   280 | D        | Found an ancient bone altar of Kikubaaqudgha.
   280 | D        | Found a hide-covered altar of Uskayaw.
   280 | D        | Found a broken altar of Ashenzari.
   281 | D        | Became a worshipper of Sif Muna the Loreminder
   301 | D        | Reached * piety under Sif Muna
   380 | D        | Reached skill level 6 in Earth Magic
   386 | D        | Reached XP level 3. HP: 9/21 MP: 3/6
   551 | D        | Noticed Edmund
   561 | D        | Reached ** piety under Sif Muna
   583 | D        | Slain by Edmund

Illustrated notes

Levels and vault maps discovered:
D:        pitsprint [storerooms_1, entrance_room_1, metal_vault_1, armoury_2,
          mini_pit_1, grid_room_1, main_hall_1, silver_pit, the_coven_1,
          the_vestibule_1, steel_vault_5, golden_pit, hallway_of_sentries,
          crystal_vault_4, iron_vault_1, final_vault]

Skill      XL: |  1  2 |
---------------+-------+-----
Earth Magic    | 5 6 |  6.6
Dodging        | |  2.0
Stealth        | |  2.6
Spellcasting   | |  2.0
Transmutations | |  1.0

Action                   || total
-------------------------++-------
Melee: Unarmed           ||    11
       Tentacles         ||     4
       Constrict         ||     3
 Cast: Sandblast         ||    19
  Use: Potion            ||     4
Armor: Skin              ||     2
Dodge: Dodged            ||    15

Table legend: (Time is in decaauts)
 A = Elapsed time spent in this place.
 B = Non-inter-level travel time spent in this place.
 C = Inter-level travel time spent in this place.
 D = Time resting spent in this place.
 E = Time spent auto-exploring this place.
 F = Levels seen in this place.
 G = Mean time per level.
                   A        B        C        D        E       F      G
               +--------+--------+--------+--------+--------+-----+--------+
         Total |    583 |    583 |      0 |    451 |      0 |   1 |  583.0 |
       Dungeon |    583 |    583 |      0 |    451 |      0 |   1 |  583.0 |
               +--------+--------+--------+--------+--------+-----+--------+

Top non-repeatable levels by time:
       D: 583 daAuts
